Map: The Vermillion Problem

Players

ЕдкийЕж

  • Race: Terran Terran
  • Spawn Location: 11:00

NamroodTuo

  • Race: Terran Terran
  • Spawn Location: 11:00

VOD

Have the link to the VOD?

Description

Time

  • Played on: Jan. 26, 2023, 10:36 a.m.
  • Length: 24:21
Show
View Real Time Build Order
Export as new Build Order

ЕдкийЕж Terran 

Build Orders:  

Get SALT Encoding   

  12  0:05  SCV  
  13  0:22  SCV  
  13  0:29  Supply Depot  
  14  0:39  SCV  
  15  0:59  SCV  
  16  1:02  Refinery  
  16  1:14  Barracks  
  16  1:16  SCV  
  17  1:33  SCV  
  18  1:50  SCV  
  18  1:53  Barracks, Barracks Tech Lab  
  19  2:01  Refinery  
  19  2:07  SCV  
  20  2:24  SCV  
  21  2:38  Marine x2  
  21  2:49  Factory  
  23  2:59  Supply Depot  
  23  3:22  Barracks Reactor  
  23  3:27  Marine  
  23  3:29  SCV  
  25  3:40  Supply Depot  
  25  3:46  SCV  
  25  3:48  Marauder  
  26  4:01  Marauder  
  28  4:13  Starport  
  28  4:21  Medic  
  30  4:44  Medic  
  32  4:54  Medic  
  32  4:59  Supply Depot  
  34  5:07  Starport  
  34  5:22  Marauder  
  36  5:33  Supply Depot  
  36  5:35  Marauder  
  36  5:37  SCV  
  39  5:47  Medic  
  39  5:52  Cloaking Field  
  39  5:54  SCV  
  39  5:58  Starport Tech Lab x2  
  42  6:05  Supply Depot  
  42  6:11  SCV  
  43  6:26  Marine  
  43  6:27  Marine  
  43  6:28  SCV  
  45  6:36  Marine  
  45  6:37  Marine  
  47  6:47  Marine x2  
  49  6:57  Marine x2  
  51  7:42  Command Center  
  51  7:53  SCV  
  51  7:59  Vulture  
  52  8:03  Marine  
  52  8:04  Marine  
  52  8:08  Medic  
  52  8:09  SCV  
  57  8:14  Marine x2  
  61  8:26  SCV  
  61  9:14  Supply Depot  
  61  9:15  Supply Depot  
  61  9:20  Banshee x2  
  67  9:36  SCV  
  68  9:40  Orbital Command  
  68  9:46  Supply Depot  
  68  9:47  Supply Depot  
  64  9:53  SCV  
  65  10:10  SCV  
  66  10:20  Fusion Core  
  66  10:27  SCV  
  67  10:30  Starport  
  67  10:37  Factory Tech Lab  
  67  10:44  SCV  
  67  10:46  Banshee x2  
  74  11:00  SCV  
  74  11:01  SCV  
  76  11:17  SCV x2  
  78  11:31  Starport  
  78  11:32  Firebat  
  78  11:34  SCV  
  81  11:45  Firebat  
  83  11:58  Firebat  
  82  14:22  Banshee x2  
  82  14:28  Starport Tech Lab  
  82  14:29  Starport Tech Lab  
  63  14:53  SCV  
  63  14:54  SCV  
  65  15:08  Refinery  
  65  15:09  Refinery  
  65  15:10  SCV  
  65  15:11  SCV  
  65  15:27  SCV  
  65  15:28  SCV  
  65  15:29  Banshee  
  65  15:30  Banshee x3  
  65  15:32  Marauder  
  79  15:44  SCV  
  79  15:45  SCV, Marauder  
  83  15:55  Marine  
  83  15:56  Marine  
  83  15:58  Marauder  
  78  16:01  SCV  
  78  16:02  SCV  
  78  16:05  Marine  
  78  16:06  Marine  
  81  16:10  Marauder  
  81  16:15  Marine  
  81  16:16  Marine  
  85  16:22  SCV  
  85  16:26  Marine x2  
  88  16:39  SCV  
  89  16:43  Medic  
  89  16:46  Battlecruiser x2  
  89  16:47  Battlecruiser  
  109  16:53  Medic  
  109  16:57  SCV  
  110  17:04  Supply Depot  
  110  17:06  Supply Depot  
  110  17:32  Medic  
  110  17:34  Battlecruiser, SCV  
  110  17:36  Supply Depot  
  110  17:37  Supply Depot  
  119  18:08  Supply Depot  
  119  18:11  Supply Depot  
  101  18:46  Battlecruiser x4  
  113  18:51  Marauder  
  113  18:52  Marine x2  
  116  19:02  Marine  
  116  19:03  Marine  
  116  19:04  Marauder  
  114  19:13  Marine x2  
  114  19:17  Marauder  
  118  19:23  Marine x2  
  118  19:29  Marauder  
  117  19:39  Orbital Command  
  119  19:42  Marauder  
  115  20:20  Battlecruiser  
  115  20:21  Battlecruiser x3  
  115  20:28  Medic  
  139  20:38  Medic  
  140  20:48  Medic  
  143  21:06  Supply Depot  
  143  21:07  Supply Depot  
  143  21:14  Supply Depot  
  142  21:39  Supply Depot  
  142  21:41  Supply Depot  
  110  23:10  Battlecruiser x4  
Show
View Real Time Build Order
Export as new Build Order

NamroodTuo Terran 

Build Orders:  

Get SALT Encoding   

  12  0:03  SCV  
  13  0:16  SCV  
  14  0:30  SCV  
  15  0:45  Supply Depot  
  15  0:57  SCV  
  16  1:06  Factory  
  16  1:10  SCV  
  17  1:24  SCV  
  18  1:38  SCV  
  19  1:49  Supply Depot  
  19  1:51  SCV  
  20  2:05  SCV  
  21  2:15  Perdition Turret  
  21  2:18  SCV  
  22  2:26  Perdition Turret  
  22  2:32  SCV  
  22  2:38  Devastation Turret  
  23  2:45  SCV  
  24  2:52  Devastation Turret  
  24  2:59  SCV  
  25  3:04  Perdition Turret  
  25  3:12  SCV  
  26  3:26  SCV  
  26  3:28  Perdition Turret  
  27  3:38  Armory  
  27  3:40  SCV  
  28  3:53  SCV  
  28  3:54  Devastation Turret  
  29  4:09  Devastation Turret  
  29  4:26  Perdition Turret  
  29  4:29  Devastation Turret  
  29  4:32  SCV  
  30  4:45  SCV  
  31  4:54  Engineering Bay  
  31  5:05  Supply Depot  
  31  5:12  Refinery  
  31  5:26  Perdition Turret  
  31  5:35  SCV  
  31  5:37  Devastation Turret  
  32  5:43  Supply Depot  
  32  5:48  SCV  
  33  5:57  Spinning Dizzy  
  33  6:02  SCV  
  34  6:10  Devastation Turret  
  34  6:17  Spinning Dizzy  
  34  6:34  Spinning Dizzy  
  34  6:35  Spinning Dizzy  
  34  6:53  Perdition Turret  
  34  7:08  Perdition Turret  
  34  7:24  Spinning Dizzy, Devastation Turret  
  34  7:34  Refinery  
  34  7:38  Spinning Dizzy  
  34  7:47  Supply Depot  
  34  7:48  Supply Depot  
  34  7:51  SCV  
  35  8:05  SCV  
  36  8:18  SCV  
  37  8:21  Upgrade Laser Drill Level 1  
  37  8:43  Fire-Suppression Systems  
  37  9:21  Factory  
  37  9:22  Factory Tech Reactor  
  37  9:43  KMC Auto-Loaders  
  37  9:56  Factory Tech Reactor  
  37  10:17  Spinning Dizzy  
  37  10:22  Spinning Dizzy  
  37  10:36  Devastation Turret  
  37  10:45  Regenerative Bio-Steel  
  37  11:13  Hi-Sec Auto Tracking  
  37  11:26  Supply Depot  
  37  11:29  Supply Depot  
  37  11:42  Supply Depot  
  37  11:51  Supply Depot  
  37  11:53  Upgrade Laser Drill Level 2  
  37  12:00  Supply Depot  
  37  12:07  Supply Depot  
  37  12:13  Structure Armor  
  37  12:25  Advanced Optics  
  37  12:35  SCV  
  38  12:48  SCV  
  39  13:02  SCV  
  40  13:15  SCV  
  41  14:24  Command Center  
  41  14:25  Terran Vehicle and Ship Weapons Level 1  
  41  14:56  Devastation Turret  
  41  15:00  Devastation Turret  
  41  15:02  Devastation Turret  
  41  15:03  Perdition Turret  
  41  15:11  Spinning Dizzy  
  41  15:12  SCV  
  42  15:25  SCV  
  42  15:29  Spinning Dizzy  
  43  15:32  Devastation Turret  
  43  15:35  Devastation Turret  
  43  15:39  SCV  
  44  15:43  Refinery  
  44  15:47  Refinery  
  44  15:53  SCV  
  45  16:03  Perdition Turret  
  45  16:06  SCV  
  45  16:07  Perdition Turret  
  45  16:08  Perdition Turret x3  
  45  16:09  Devastation Turret  
  46  16:10  Perdition Turret  
  46  16:16  Devastation Turret  
  46  16:17  Perdition Turret  
  46  16:18  Perdition Turret x3  
  46  16:20  SCV  
  46  16:24  Devastation Turret  
  46  16:25  Perdition Turret  
  47  16:33  SCV, Thor  
  54  16:46  Spinning Dizzy  
  54  16:47  Starport  
  54  16:50  Devastation Turret  
  54  17:01  Spinning Dizzy  
  54  17:02  Thor  
  54  17:05  Terran Vehicle And Ship Armor Level 1  
  54  17:08  330mm Barrage Cannon  
  60  17:11  SCV  
  61  17:27  SCV  
  62  17:41  SCV  
  63  17:52  Starport Tech Reactor  
  63  17:54  SCV  
  64  18:05  Supply Depot  
  64  18:08  SCV  
  65  18:20  Science Vessel  
  65  18:22  SCV  
  65  18:23  Science Vessel  
  70  18:35  SCV  
  70  18:37  Supply Depot  
  71  18:55  Perdition Turret  
  71  19:02  SCV  
  71  19:08  Science Vessel  
  71  19:09  Supply Depot  
  74  19:11  Science Vessel  
  74  19:13  Thor  
  74  19:15  Thor  
  74  19:16  SCV  
  118  19:30  SCV  
  90  19:43  SCV  
  90  19:45  Terran Vehicle and Ship Weapons Level 2  
  90  19:48  Devastation Turret  
  91  19:55  Thor  
  91  19:57  SCV  
  98  20:12  SCV  
  99  20:21  Thor  
  99  20:26  SCV  
  106  20:39  SCV, Thor  
  113  20:53  SCV  
  114  21:06  SCV  
Tags
 
Add a new tag
Caveats
  • Supply blocks, unpowered buildings, or Contaminate may cause inaccurate times.
  • Supply counts are checked every 10 seconds.